 Dungeon Crawl Stone Soup version 0.30-a0-800-g7c544603b3 (webtiles) character file.

Game seed: 18420821787882771524

6890 DiggyJ the Grappler (level 10, -7/102 HPs)
             Began as a Troll Berserker on Feb 21, 2023.
             Was a Priest of Trog.
             Mangled by a two-headed ogre
             ... wielding a +0 dire flail
              (18 damage)
             ... on level 11 of the Dungeon.
             The game lasted 00:41:33 (6858 turns).

DiggyJ the Grappler (Troll Berserker)               Turns: 6858, Time: 00:41:34

Health: -7/102     AC:  4    Str: 31    XL:     10   Next: 79%
Magic:  9/9        EV: 10    Int:  9    God:    Trog [***...]
Gold:   535        SH:  0    Dex: 11    Spells: 9/9 levels left

rFire   + . .      SeeInvis .      - Unarmed
rCold   + . .      Faith    .    (no shield)
rNeg    . . .      Spirit   .    a - +0 animal skin
rPois   +          Reflect  .    o - +0 hat
rElec   .          Harm     .    (no cloak)
rCorr   .          Rampage  .    (gloves unavailable)
Will    .....                    (boots unavailable)
Stlth   ++                       (no amulet)
HPRegen 1.17/turn                s - +6 ring of intelligence
MPRegen 0.11/turn                (no ring)

@: on berserk cooldown, slowed, very slow
A: large, unfitting armour, claws 3, regeneration 1, shaggy fur 1, tough skin 1,
thin skeletal structure 1, cold resistance 1, fire resistance 1, poison
resistance
a: Renounce Religion, Berserk, Trog's Hand


You were on level 11 of the Dungeon.
You worshipped Trog.
Trog was most pleased with you.
You visited 1 branch of the dungeon, and saw 10 of its levels.

You collected 535 gold pieces.

Inventory:

Hand Weapons
 n - a +3 demon blade
 w - a +1 morningstar of protection
Missiles
 z - a throwing net (quivered)
Armour
 a - a +0 animal skin (worn)
 o - a +0 hat (worn)
 x - a +3 plate armour
Jewellery
 s - a +6 ring of intelligence (left claw)
Wands
 k - a wand of digging (4)
 r - a wand of flame (29)
 y - a wand of light (9)
 C - a wand of roots (7)
Scrolls
 d - a scroll of brand weapon {unknown}
 e - 4 scrolls of blinking
 g - 2 scrolls of torment {unknown}
 h - 4 scrolls of noise
 m - 2 scrolls of vulnerability {unknown}
 t - a scroll of enchant armour {unknown}
 u - 3 scrolls of teleportation {unknown}
 v - a scroll of magic mapping {unknown}
 A - a scroll of amnesia {unknown}
 B - 2 scrolls of immolation {unknown}
 D - 3 scrolls of poison
 H - 2 scrolls of enchant weapon {unknown}
Potions
 b - a potion of invisibility {unknown}
 c - 3 potions of curing
 f - 6 potions of flight
 i - 3 potions of mutation
 j - 2 potions of cancellation {unknown}
 l - 2 potions of attraction {unknown}
 p - 2 potions of ambrosia {unknown}
 q - 3 potions of degeneration
 E - a potion of brilliance {unknown}
 I - 2 potions of resistance {unknown}
Miscellaneous
 F - a piece from Xom's chessboard (15/15)
 G - a phial of floods


   Skills:
 * Level 7.0 Fighting
 - Level 2.6 Dodging
 - Level 1.0 Stealth
 * Level 14.5 Unarmed Combat


You had 9 spell levels left.
You didn't know any spells.
Your spell library contained the following spells:

 Spells                   Type           Power      Damage    Failure   Level
 Necrotise                Necr           0%         1d4       38%         1
 Sandblast                Erth           0%         2d4       38%         1
 Slow                     Hex            0%         N/A       38%         1
 Sting                    Tmut/Pois      0%         1d3       38%         1
 Passwall                 Tmut/Erth      0%         N/A       52%         2
 Poisonous Vapours        Pois/Air       0%         N/A       52%         2
 Call Canine Familiar     Summ           0%         N/A       77%         3
 Confusing Touch          Hex            0%         N/A       77%         3
 Portal Projectile        Hex/Tloc       0%         N/A       77%         3
 Stone Arrow              Conj/Erth      0%         3d7       77%         3
 Tukima's Dance           Hex            0%         N/A       77%         3
 Vampiric Draining        Necr           0%         2d6       77%         3
 Leda's Liquefaction      Hex/Erth       0%         N/A       99%         4
 Olgreb's Toxic Radiance  Pois           0%         N/A       99%         4
 Passage of Golubria      Tloc           0%         N/A       99%         4
 Agony                    Necr           0%         N/A       100%        5
 Yara's Violent Unravell  Hex/Tmut       0%         3d3       100%        5


Dungeon Overview and Level Annotations

Branches:
Dungeon (11/15)            Temple (0/1) D:6
   Lair: D:8-11         Orc: D:9-12

Altars:
Sif Muna
Yredelemnul

Shops:
D:6 (


Innate Abilities, Weirdness & Mutations

You are too large for most types of armour.
You have claws for hands.
Your natural rate of healing is unusually fast.
You are covered in fur. (AC +1)
You have tough skin. (AC +1)
You have a somewhat thin skeletal structure. (Dex +2, Stealth+)
Your flesh is cold resistant. (rC+)
Your flesh is heat resistant. (rF+)
Your system is resistant to poisons. (rPois)


Message History

* * * LOW HITPOINT WARNING * * *
There is an open door, spattered with blood here.
You see here a wolf corpse.
You feel better. The yak barely misses you. The yak gores you!
* * * LOW HITPOINT WARNING * * *
You claw the yak!
The yak is moderately wounded.
The yak gores you.
* * * LOW HITPOINT WARNING * * *
You mangle the yak!!
You kill the yak!
Trog accepts your kill.
Your skin stops crawling.
You feel less strong-willed. The yak gores you.
* * * LOW HITPOINT WARNING * * *
The yak gores you but does no damage.
You see here a yak corpse.
The yak attacks as you move away! The yak gores you!
* * * LOW HITPOINT WARNING * * *
The yak completely misses you.
You mangle the yak!!
The yak is severely wounded.
You hear the faint crackling of a distant melting archway.
The yak closely misses you.
You mangle the yak!!
You kill the yak!
Trog accepts your kill.
The rime drake bites you but does no damage.
Your Fighting skill increases to level 7!
The rime drake bites you but does no damage.
You see here a +0 ring mail.
You eviscerate the rime drake!!!
You kill the rime drake!
Trog accepts your kill.
You claw the two-headed ogre!
The two-headed ogre is lightly wounded.
The two-headed ogre hits you with a +0 dire flail!
* * * LOW HITPOINT WARNING * * *
The two-headed ogre hits you with a +0 giant club!!
You die...

## ~... #. ..## .....##...
..# ###..#..#k. #.#
#.......YO ######.##
#....#..# #.<.(...# #....#.##
#.......####.#...$.###.
#......@OY##..#††.[....
#<......#..†...........
#.............####...#.......
#######.......# #...........
#.......# #...........
#####.### ###+#####... ..#
~.# .### ##


You could see a two-headed ogre and a yak.

Vanquished Creatures
  A two-headed ogre (D:8)
  Maurice (D:10)
  A rime drake (D:11)
  A komodo dragon (D:10)
  A polar bear (D:11)
  A shadow (D:9)
  3 wraiths
  15 yaks
  A steam dragon (D:7)
  2 water moccasins (D:8)
  An ice beast (D:11)
  An ogre (D:6)
  6 centaurs
  2 wolves (D:11)
  2 kobold brigands (D:9)
  A gnoll sergeant (D:9)
  2 scorpions
  3 wights (D:7)
  The ghost of oldplebian the Cudgeller, a weakling MiBe of Trog (D:3)
  3 howler monkeys (D:8)
  Crazy Yiuf (D:6)
  2 jellies (D:6)
  5 orc priests
  A gnoll bouda (D:6)
  An iguana (D:7)
  7 orc wizards
  5 adders
  12 gnolls
  An ufetubus (D:4)
  3 dart slugs
  35 orcs
  3 ball pythons
  4 bats
  9 endoplasms
  3 giant cockroaches (D:1)
  4 goblins
  4 hobgoblins (D:1)
  3 jackals (D:1)
  12 kobolds
  A frilled lizard (D:2)
  3 rats
168 creatures vanquished.

Vanquished Creatures (others)
  4 plants (D:7)
4 creatures vanquished.

Grand Total: 172 creatures vanquished

Notes
Turn   | Place    | Note
-------+----------+-------------------------------------------
     0 | D:1      | DiggyJ the Troll Berserker began the quest for the Orb.
     0 | D:1      | Reached XP level 1. HP: 22/22 MP: 0/0
    71 | D:1      | Reached XP level 2. HP: 21/29 MP: 1/1
   180 | D:1      | Reached ** piety under Trog
   213 | D:1      | Reached XP level 3. HP: 35/36 MP: 2/2
  1550 | D:3      | Reached XP level 4. HP: 44/45 MP: 3/3
  1553 | D:3      | Reached skill level 4 in Unarmed Combat
  1573 | D:3      | Found a basalt altar of Yredelemnul.
  1819 | D:3      | Found a runed translucent gate.
  1820 | D:3      | Found a runed translucent gate.
  1823 | D:3      | Noticed oldplebian's ghost (weakling MiBe)
  1825 | D:3      | Found a runed translucent gate.
  2095 | D:3      | Killed oldplebian's ghost
  2096 | D:3      | Reached XP level 5. HP: 28/53 MP: 4/4
  2537 | D:4      | You fall into a shaft and drop 2 floors!
  2569 | D:6      | Reached skill level 5 in Unarmed Combat
  2648 | D:6      | Reached XP level 6. HP: 58/62 MP: 5/5
  2834 | D:6      | Reached skill level 6 in Unarmed Combat
  2967 | D:6      | Found Menlauci's Antique Weapon Shoppe.
  2984 | D:6      | Reached XP level 7. HP: 60/70 MP: 6/6
  3018 | D:6      | Reached skill level 7 in Unarmed Combat
  3130 | D:6      | Found a runed translucent door.
  3131 | D:6      | Noticed Crazy Yiuf
  3141 | D:6      | Killed Crazy Yiuf
  3365 | D:6      | Found a staircase to the Ecumenical Temple.
  3549 | D:7      | HP: 2/62 [wight/+1 long sword of protection (2)]
  3665 | D:7      | Reached skill level 8 in Unarmed Combat
  3751 | D:7      | Reached XP level 8. HP: 79/79 MP: 7/7
  3763 | D:7      | Reached skill level 1 in Stealth
  4282 | D:8      | Reached skill level 9 in Unarmed Combat
  4338 | D:8      | Reached skill level 5 in Fighting
  4489 | D:8      | Noticed a two-headed ogre
  4496 | D:8      | Killed a two-headed ogre
  4497 | D:8      | Reached skill level 10 in Unarmed Combat
  4497 | D:8      | Reached XP level 9. HP: 88/88 MP: 8/8
  5065 | D:9      | Reached skill level 11 in Unarmed Combat
  5088 | D:9      | Gained mutation: You have hidden genetic defects. [potion
                  | of mutation]
  5088 | D:9      | Gained mutation: You have sharp toenails. [potion of
                  | mutation]
  5088 | D:9      | Gained mutation: Your spells are a little harder to cast,
                  | but a little more powerful. [potion of mutation]
  5099 | D:9      | Lost mutation: You have sharp toenails. [potion of
                  | mutation]
  5099 | D:9      | Lost mutation: You have hidden genetic defects. [potion of
                  | mutation]
  5099 | D:9      | Lost mutation: Your spells are a little harder to cast, but
                  | a little more powerful. [potion of mutation]
  5099 | D:9      | Gained mutation: Your system is resistant to poisons.
                  | (rPois) [potion of mutation]
  5099 | D:9      | Gained mutation: Your flesh is heat resistant. (rF+)
                  | [potion of mutation]
  5099 | D:9      | Gained mutation: Your flesh is cold resistant. (rC+)
                  | [potion of mutation]
  5099 | D:9      | Gained mutation: You have a somewhat thin skeletal
                  | structure. (Dex +2, Stealth+) [potion of mutation]
  5258 | D:9      | Reached skill level 12 in Unarmed Combat
  5271 | D:9      | Reached *** piety under Trog
  5596 | D:9      | Found a shimmering blue altar of Sif Muna.
  5815 | D:10     | Entered Level 10 of the Dungeon
  5911 | D:10     | Reached XP level 10. HP: 100/100 MP: 9/9
  5985 | D:10     | Reached skill level 13 in Unarmed Combat
  6306 | D:10     | Noticed Maurice
  6321 | D:10     | Killed Maurice
  6835 | D:11     | Reached skill level 14 in Unarmed Combat
  6839 | D:11     | Noticed a two-headed ogre
  6858 | D:11     | Mangled by a two-headed ogre

Illustrated notes

Levels and vault maps discovered:
D:1:      tarquinn_simple_flora_water_c, layout_basic
D:2:      layout_basic
D:3:      layout_rooms, mainiacjoe_overflow_paths, biasface_ghost_orc_armoury,
          chequers_serial_rivers_large_b
D:4:      due_chaos_kobolds, layout_basic, columned_hall_lemuel
D:6:      layout_basic, lemuel_temple_firewalk_b, serial_shops,
          kennysheep_little_box, uniq_crazy_yiuf_cottage
D:7:      layout_rooms, kennysheep_boxes
D:8:      layout_gridville, fountainhead
D:9:      layout_roguey, kennysheep_mini
D:10:     layout_cave_pods, hellmonk_bongcloud_opening, uniq_maurice
D:11:     layout_roguey, hellmonk_lair_entry_icy, portal_ice_cave_demonic_guard,
          serial_shops, shop_coins, nrook_loot_triangle

Skill      XL: |  1  2  3  4  5  6  7  8  9 10 |
---------------+-------------------------------+-----
Fighting       | 3 4 5 6 7 |  7.0
Unarmed Combat | 4 5 6 8 10 12 14 | 14.5
Stealth        | 1 |  1.0
Dodging        | |  2.6

Action                     |  1- 3 |  4- 6 |  7- 9 | 10-12 || total
---------------------------+-------+-------+-------+-------++-------
  Melee: Unarmed           |    97 |   113 |   192 |    63 ||   465
         Punch             |     2 |     3 |    11 |     7 ||    23
 Invoke: Berserk           |       |     4 |     9 |     4 ||    17
         Trog's Hand       |       |     2 |     9 |     3 ||    14
    Use: Potion            |       |       |     5 |     1 ||     6
         Scroll            |       |       |     4 |     2 ||     6
   Stab: Sleeping          |       |     1 |     1 |       ||     2
 Armour: Animal skin       |    42 |    34 |    27 |    12 ||   115
         Skin              |       |       |     8 |       ||     8
  Dodge: Dodged            |    63 |    73 |    99 |    21 ||   256

Table legend: (Time is in decaauts)
 A = Elapsed time spent in this place.
 B = Non-inter-level travel time spent in this place.
 C = Inter-level travel time spent in this place.
 D = Time resting spent in this place.
 E = Time spent auto-exploring this place.
 F = Levels seen in this place.
 G = Mean time per level.
                   A        B        C        D        E       F      G
               +--------+--------+--------+--------+--------+-----+--------+
         Total |   6969 |   6425 |    544 |     12 |      0 |  10 |  696.9 |
       Dungeon |   6969 |   6425 |    544 |     12 |      0 |  10 |  696.9 |
               +--------+--------+--------+--------+--------+-----+--------+

Top non-repeatable levels by time:
    D:10: 1026 daAuts
     D:6: 976 daAuts
     D:8: 875 daAuts
     D:9: 861 daAuts
     D:3: 860 daAuts
     D:2: 782 daAuts
     D:1: 743 daAuts
     D:7: 630 daAuts
     D:4: 157 daAuts
    D:11: 54 daAuts
